 Dungeon Crawl Stone Soup version 0.21-a0-401-g0b6bec4 (webtiles) character file.

3661 terra52 the Fighter (level 9, -2/74 HPs)
             Began as a Demonspawn Skald on Oct 23, 2017.
             Was a Believer of Wu Jian.
             Slain by a hornet (11 damage)
             ... on level 8 of the Dungeon.
             The game lasted 00:24:48 (4814 turns).

terra52 the Fighter (Demonspawn Skald)              Turns: 4814, Time: 00:24:49

Health: -2/74      AC:  8    Str: 14    XL:     9   Next: 89%
Magic:  11/17      EV: 13    Int: 15    God:    Wu Jian [**....]
Gold:   145        SH:  0    Dex: 13    Spells: 7/18 levels left

rFire    . . .     SeeInvis .   m - +2 spear (venom)
rCold    . . .     Gourm    .   (no shield)
rNeg     . . .     Faith    .   b - +0 leather armour
rPois    .         Spirit   .   (helmet restricted)
rElec    .         Reflect  .   (no cloak)
rCorr    .         Harm     .   (no gloves)
MR       .....                  C - +2 pair of boots
Stlth    ++........             (no amulet)
HPRegen  0.22/turn              (no ring)
MPRegen  0.15/turn              (no ring)

@: lethally poisoned (-2 -> -18), infused, slowed, heavily drained, very slow
A: antennae 1, molten scales 1, demonic guardian 1, nightstalker 1
a: Renounce Religion


You were on level 8 of the Dungeon.
You worshipped Wu Jian.
Wu Jian was pleased with you.
You were hungry.

You visited 2 branches of the dungeon, and saw 10 of its levels.

You collected 355 gold pieces.
You spent 210 gold pieces at shops.

Inventory:

Hand Weapons
 a - a +1 spear
 m - a +2 spear of venom (weapon)
 A - a +4 spear
 E - a +0 trident
 J - a cursed +3 spear
Missiles
 f - 3 javelins (quivered)
 I - 4 tomahawks
Armour
 b - a +0 leather armour (worn)
 y - the cursed +1 ring mail of the Voivode {-Cast rElec Dex+6 SInv}
   (You found it on level 5 of the Dungeon)

   It affects your dexterity (+6).
   It insulates you from electricity.
   It lets you see invisible.
   It prevents spellcasting.
   It has a curse placed upon it.
 C - a +2 pair of boots (worn)
Wands
 z - a wand of paralysis (10/24)
 D - a wand of flame (27/48)
 F - a wand of clouds (3/9)
Scrolls
 h - a scroll of enchant weapon
 i - a scroll of remove curse
 l - 3 scrolls of teleportation
 n - a scroll of enchant armour
 q - 2 scrolls of identify
 u - a scroll of blinking {unknown}
 w - a scroll of fog {unknown}
 x - a scroll of random uselessness {unknown}
Potions
 e - 3 potions of heal wounds
 j - a potion of brilliance {unknown}
 k - a potion of invisibility {unknown}
 o - 4 potions of curing
 p - a potion of degeneration {unknown}
 r - 3 potions of berserk rage
 s - 8 potions of lignification {unknown}
 t - a potion of magic {unknown}
 B - a potion of haste {unknown}
 G - a potion of ambrosia {unknown}
 H - a potion of cancellation {unknown}
Books
 c - a book of Battle

   Spells                             Type                      Level
   a - Infusion                       Charms                       1
   b - Shroud of Golubria             Charms/Translocation         2
   c - Song of Slaying                Charms                       2
   d - Spectral Weapon                Hexes/Charms                 3
   e - Regeneration                   Charms/Necromancy            3
Comestibles
 d - 3 bread rations
 g - 2 meat rations
 v - 2 royal jellies


   Skills:
 * Level 8.3(6.8) Fighting
 - Level 1.7(0.5) Polearms
 + Level 5.0(3.7) Armour
 + Level 5.3(3.9) Dodging
 + Level 5.3(4.0) Spellcasting
 + Level 1.6(0.4) Hexes
 + Level 5.7(4.4) Charms
 * Level 3.3(2.0) Necromancy


You had 7 spell levels left.
You knew the following spells:

 Your Spells              Type           Power        Failure   Level  Hunger
a - Infusion              Chrm           ###.         3%          1    None
b - Regeneration          Chrm/Necr      ##........   17%         3    ###....
c - Spectral Weapon       Hex/Chrm       ##......     24%         3    ###....
d - Shroud of Golubria    Chrm/Tloc      #.........   14%         2    ##.....
e - Song of Slaying       Chrm           ###.....     5%          2    ##.....


Dungeon Overview and Level Annotations

Branches:
Dungeon (9/15)             Temple (1/1) D:4
   Lair: D:8-11         Orc: D:9-12

Altars:
Ashenzari
Dithmenos
Elyvilon
Fedhas
Hepliaklqana
Makhleb
Nemelex Xobeh
Okawaru
Qazlal
Ru
Sif Muna
Uskayaw
Vehumet
Wu Jian
Xom
Zin
The Shining One

Shops:
D:6 [


Innate Abilities, Weirdness & Mutations

You have a pair of small antennae on your head.
You are partially covered in molten scales. (AC +2)
A weak demonic guardian rushes to your aid.
You are slightly more attuned to the shadows.


Message History

The hornet stings you but does no damage.
The orc drinks a potion.
The orc goes berserk!
The orc misses your spectral weapon.
Your iron imp closely misses the hornet.
The hornet stings you!
* * * LOW HITPOINT WARNING * * *
You are more poisoned.
You shrug off the repeated paralysis!
The orc barely misses your iron imp.
Unknown command.
You spin and attack the hornet.
You hit the hornet.
The hornet looks as sick as possible!
The hornet is moderately wounded.
Your skin stops crawling.
* * * LOW HITPOINT WARNING * * *
You feel sick.
The hornet stings you but does no damage.
The orc barely misses your iron imp.
Your iron imp closely misses the hornet.
The hornet stings you!
You die...

##.#.# #...##.#### #.#.#
.....#.#### #.#.# ...........
#.#.# .....#.###.
##.#.#########....#.###.
#######....<...#...........##.
...................####.......
#######...####.#.#.# #.#>.##.
#...###@5o.#.####.......
##......oy(......#.#..###
#.........>o.........#..#
#.......................#
#.##.#.###....####.####. #.
#.#.# ####.####.# # #.#.#
#.##.a.# . ... #.##.### ..##.#


You could see a hornet, an orc warrior, 2 orcs, a friendly iron imp and a
friendly spectral spear of venom.

Vanquished Creatures
  A two-headed ogre (D:8)
  A troll (D:9)
  3 yaks (D:9)
  The ghost of faustus the Slasher, an amateur DsBe of Trog (D:3)
  A soldier ant (D:8)
  A water moccasin (D:7)
  A black bear (D:7)
  An ice beast (D:7)
  2 phantoms (D:7)
  A sky beast (D:5)
  A necrophage (D:7)
  An ogre (D:9)
  A centaur (D:5)
  A crocodile (D:7)
  A big kobold (D:9)
  3 bullfrogs
  A water moccasin skeleton (D:4)
  2 scorpions
  A killer bee (D:9)
  3 wights (D:9)
  An electric eel (D:6)
  A crimson imp (D:6)
  2 bullfrog zombies (D:5)
  A hound (D:4)
  2 orc priests
  A bullfrog skeleton (D:6)
  2 iguanas
  2 worker ants
  2 hound skeletons
  2 worker ant zombies
  4 adders
  2 gnolls (D:7)
  An ooze (D:3)
  4 worms
  A dart slug (D:3)
  A leopard gecko (D:9)
  12 orcs
  A ball python (D:5)
  A giant cockroach (D:1)
  6 goblins
  10 hobgoblins
  7 jackals
  A quokka (D:2)
  4 bats
  2 frilled lizards
  2 jackal skeletons (D:5)
  12 kobolds
  A leopard gecko skeleton (D:4)
  3 rats
119 creatures vanquished.

Vanquished Creatures (collateral kills)
  2 yaks (D:9)
  A centaur (D:6)
  A wight (D:9)
  2 howler monkeys
  An orc priest (D:6)
  2 orc wizards
  A worker ant (D:7)
  A gnoll (D:7)
  2 orcs (D:3)
  A frilled lizard (D:3)
  A rat (D:3)
15 creatures vanquished.

Vanquished Creatures (others)
  2 spectral weapons
2 creatures vanquished.

Grand Total: 136 creatures vanquished

Notes
Turn   | Place    | Note
-------+----------+-------------------------------------------
     0 | D:1      | terra52 the Demonspawn Skald began the quest for the Orb.
     0 | D:1      | Reached XP level 1. HP: 16/16 MP: 3/3
   124 | D:2      | Reached skill level 1 in Armour
   124 | D:2      | Gained mutation: A weak demonic guardian rushes to your aid. [demonic ancestry]
   124 | D:2      | Reached XP level 2. HP: 21/23 MP: 0/5
   305 | D:2      | Gained mutation: You are partially covered in molten scales. (AC +2) [demonic ancestry]
   305 | D:2      | Reached XP level 3. HP: 6/28 MP: 1/6
   319 | D:2      | Learned a level 3 spell: Regeneration
   715 | D:2      | Reached skill level 3 in Fighting
   715 | D:2      | Reached XP level 4. HP: 35/35 MP: 5/7
  1106 | D:3      | Noticed faustus's ghost (amateur DsBe)
  1127 | D:3      | Killed faustus's ghost
  1127 | D:3      | Gained mutation: You have a pair of small antennae on your head. [demonic ancestry]
  1127 | D:3      | Reached XP level 5. HP: 34/42 MP: 2/9
  1278 | D:4      | Found a staircase to the Ecumenical Temple.
  1293 | Temple   | Entered the Ecumenical Temple
  1370 | Temple   | Became a worshipper of the Wu Jian Council
  1697 | D:3      | Reached skill level 4 in Fighting
  1914 | D:4      | Found a shadowy altar of Dithmenos.
  1966 | D:4      | Gained mutation: You are slightly more attuned to the shadows. [demonic ancestry]
  1966 | D:4      | Reached XP level 6. HP: 26/48 MP: 6/10
  2035 | D:5      | Entered Level 5 of the Dungeon
  2178 | D:5      | Got a shimmering ring mail
  2179 | D:5      | Identified the cursed +1 ring mail of the Voivode {-Cast rElec Dex+6 SInv} (You found it on level 5 of the Dungeon)
  2181 | D:5      | Noticed a sky beast
  2201 | D:5      | Killed a sky beast
  2201 | D:5      | Reached XP level 7. HP: 37/55 MP: 2/11
  2543 | D:6      | Reached skill level 5 in Fighting
  2632 | D:6      | Found Taoplixa's Antique Armour Shoppe.
  2736 | D:6      | Reached * piety under Wu Jian
  2813 | D:6      | Bought a pair of runed boots for 210 gold pieces
  3125 | D:7      | Reached XP level 8. HP: 40/64 MP: 0/13
  3138 | D:7      | Found a shimmering altar of Xom.
  3249 | D:7      | Reached skill level 6 in Fighting
  3817 | D:7      | Reached skill level 7 in Fighting
  3853 | D:8      | Noticed a two-headed ogre
  3863 | D:8      | Killed a two-headed ogre
  3863 | D:8      | Reached skill level 5 in Charms
  3863 | D:8      | Reached XP level 9. HP: 45/72 MP: 14/16
  4022 | D:8      | Learned a level 3 spell: Spectral Weapon
  4025 | D:8      | Learned a level 2 spell: Shroud of Golubria
  4028 | D:8      | Learned a level 2 spell: Song of Slaying
  4050 | D:8      | Paralysed by a hornet for 3 turns
  4065 | D:8      | Paralysed by a hornet for 1 turns
  4270 | D:9      | Reached ** piety under Wu Jian
  4298 | D:9      | Reached skill level 5 in Spellcasting
  4298 | D:9      | Reached skill level 1 in Necromancy
  4308 | D:9      | Reached skill level 5 in Dodging
  4327 | D:9      | Reached skill level 8 in Fighting
  4327 | D:9      | Reached skill level 1 in Hexes
  4450 | D:9      | Noticed a troll
  4465 | D:9      | Killed a troll
  4465 | D:9      | Reached skill level 5 in Armour
  4810 | D:8      | Paralysed by a hornet for 2 turns
  4814 | D:8      | Slain by a hornet

Vault maps used:
D:1:      evilmike_arrival_hilbert_curve, hangedman_decor_riveting
D:2:      grunt_temple_overflow_cloverleaf, gammafunk_temple_overflow_elements
D:3:      minmay_fountain_box, minmay_misc_feat_enclosed, kennysheep_crisscross
D:4:      minmay_temple_entry_glass, first_bread, grunt_dithmenos_smoke
D:5:      moated_statue
D:6:      serial_shops, shop, fountainhead, grunt_decor_fettered, uniq_menkaure
D:7:      overflow_temple_1_default
D:8:      hangedman_pestilent_swarm
Temple:   bh_familiar_temple

Skill      XL: |  1  2  3  4  5  6  7  8  9 |
---------------+----------------------------+-----
Armour         | 1 2 3 4 5 |  5.0
Dodging        | 2 3 4 5 |  5.3
Charms         | 3 4 5 |  5.7
Fighting       | 3 4 5 7 8 |  8.3
Spellcasting   | 3 4 5 |  5.3
Necromancy     | 3 |  3.3
Hexes          | 1 |  1.6
Polearms       | |  1.7

Action                   |  1- 3 |  4- 6 |  7- 9 || total
-------------------------+-------+-------+-------++-------
Melee: Spear             |    88 |   124 |   318 ||   530
Throw: Javelin           |     1 |       |     5 ||     6
 Cast: Infusion          |     9 |    12 |    23 ||    44
       Regeneration      |     1 |     4 |    27 ||    32
       Spectral Weapon   |       |       |     3 ||     3
  Use: Scroll            |     3 |     1 |     2 ||     6
       Potion            |       |     1 |     1 ||     2
 Stab: Distracted        |       |     2 |     2 ||     4
       Sleeping          |       |     2 |    10 ||    12
  Eat: Chunk             |       |     6 |    11 ||    17
       Royal jelly       |       |       |     1 ||     1
Armor: Leather armour    |    16 |    20 |    42 ||    78
Dodge: Dodged            |    40 |    56 |   182 ||   278

Table legend:
 A = Spawn XP
 B = Non-spawn XP
 C = Spawn XP percentage of total XP
 D = Spawn monster count
 E = Non-spawn monster count
 F = Spawn count percentage of total count
 G = Total turns spent on level
                    A         B        C        D         E        F      G
               +---------+---------+-------+---------+---------+-------+---------
         Total |       0 |    5231 |   0.0 |       0 |     134 |   0.0 |  4814
               +---------+---------+-------+---------+---------+-------+---------
           D:1 |       0 |      28 |   0.0 |       0 |      17 |   0.0 |   414
           D:2 |       0 |      96 |   0.0 |       0 |      21 |   0.0 |   492
           D:3 |       0 |     202 |   0.0 |       0 |      18 |   0.0 |   450
           D:4 |       0 |     129 |   0.0 |       0 |       8 |   0.0 |   422
           D:5 |       0 |     425 |   0.0 |       0 |      12 |   0.0 |   577
           D:6 |       0 |     539 |   0.0 |       0 |      17 |   0.0 |   479
           D:7 |       0 |    1141 |   0.0 |       0 |      19 |   0.0 |   762
           D:8 |       0 |     956 |   0.0 |       0 |       3 |   0.0 |   235
           D:9 |       0 |    1715 |   0.0 |       0 |      19 |   0.0 |   726
               +---------+---------+-------+---------+---------+-------+---------
